 Dungeon Crawl Stone Soup version 0.17.1-3-g152610e (webtiles) character file.

436 Blunderbuss the Sneak (level 7, -4/53 HPs)
             Began as a Merfolk Assassin on Mar 26, 2016.
             Slain by an ice beast (6 damage)
             ... on level 5 of the Dungeon.
             The game lasted 00:19:45 (3517 turns).

Blunderbuss the Sneak (Merfolk Assassin)            Turns: 3517, Time: 00:19:45

Health: -4/53      AC:  5    Str: 11    XL:     7   Next: 1%
Magic:  7/7        EV: 13    Int: 10    God:
Gold:   192        SH:  0    Dex: 18    Spells: 0 memorised, 6 levels left

rFire  + . .     SeeInvis .     a - +1 rapier
rCold  . . .     Clarity  .     i - +1 robe {rF+}
rNeg   . . .     SustAt   +     (no shield)
rPois  .         Gourm    .     (no helmet)
rElec  .         Spirit   .     d - +0 cloak
rCorr  .         Warding  .     k - +0 pair of gloves
rMut   .         Stasis   .     (no boots)
MR     .....                    (no amulet)
Stlth  ++++......               (no ring)
                                p - ring of sustain attributes

@: not resistant to hostile enchantments, stealthy
A: change form in water, swift swim
a: no special abilities


You were on level 5 of the Dungeon.
You were not hungry.

You visited 1 branch of the dungeon, and saw 5 of its levels.

You collected 192 gold pieces.

Inventory:

Hand Weapons
 a - a +1 rapier (weapon)
 b - a +0 blowgun
Missiles
 e - 21 poisoned needles
 f - 2 curare-tipped needles
Armour
 d - a +0 cloak (worn)
 i - a +1 robe of fire resistance (worn)
 k - a +0 pair of gloves (worn)
Jewellery
 p - a ring of sustain attributes (left hand)
 r - an uncursed ring of protection from fire
Scrolls
 c - 3 scrolls of amnesia {unknown}
 h - 3 scrolls of remove curse
 o - a scroll of fear {unknown}
Potions
 j - 2 potions of brilliance
 m - a potion of resistance
 n - a potion of invisibility
 q - a potion of might {unknown}
Comestibles
 g - 2 bread rations


   Skills:
 + Level 3.7 Fighting
 + Level 4.2 Short Blades
 + Level 2.6 Throwing
 - Level 2.1 Dodging
 * Level 7.6 Stealth


You had 6 spell levels left.
You didn't know any spells.

Dungeon Overview and Level Annotations

Branches:
Dungeon (5/15)
 Temple: D:4-7

Altars:
Fedhas
Nemelex Xobeh
Ru
Trog
Vehumet

Shops:
D:4 (   D:5 =

Annotations:
D:2 Ijyb, Robin


Message History

a - a +1 rapier (weapon)
You hit the ice beast but do no damage.
The ice beast is heavily wounded.
The ice beast hits you. The ice beast freezes you.
* * * LOW HITPOINT WARNING * * *
You closely miss the ice beast.
The ice beast is heavily wounded.
The ice beast barely misses you.
You hit the ice beast but do no damage.
The ice beast is heavily wounded.
The ice beast hits you.
* * * LOW HITPOINT WARNING * * *
The ice beast freezes you.
* * * LOW HITPOINT WARNING * * *
You hit the ice beast.
The ice beast is heavily wounded.
The ice beast hits you.
* * * LOW HITPOINT WARNING * * *
The ice beast freezes you.
You die...

#...# #.# #...###.#
#.#..##.# #.#..##.#
#.......# ####..###
##..#
#####..############.#
.....ยง...()5.(lY@...#
######..###########.#
# ##.########
######..........
#...##..........
#...##..........
#...###'###########
+.................#
....###..########.#


You could see an ice beast, a crimson imp and a giant newt.

Vanquished Creatures
  An ogre (D:5)
  A scorpion (D:5)
  A crimson imp (D:5)
  A centaur skeleton (D:5)
  An iguana (D:4)
  2 worker ants (D:4)
  2 hound skeletons (D:4)
  6 adders
  An ooze (D:1)
  2 worms (D:4)
  4 giant geckos
  10 orcs
  5 bats
  4 giant cockroaches
  12 goblins
  3 hobgoblins
  2 jackals (D:1)
  6 kobolds
  A quokka (D:5)
  A giant newt (D:4)
  A jackal skeleton (D:4)
  8 rats
75 creatures vanquished.

Notes
Turn   | Place    | Note
--------------------------------------------------------------
     0 | D:1      | Blunderbuss the Merfolk Assassin began the quest for the Orb.
     0 | D:1      | Reached XP level 1. HP: 16/16 MP: 1/1
   126 | D:1      | Reached XP level 2. HP: 22/22 MP: 2/2
   158 | D:1      | Reached skill level 5 in Stealth
   702 | D:1      | Reached XP level 3. HP: 28/28 MP: 3/3
  1020 | D:2      | Found a sparkling altar of Nemelex Xobeh.
  1057 | D:2      | Noticed Ijyb
  1064 | D:2      | Noticed Robin
  1244 | D:3      | Reached XP level 4. HP: 34/34 MP: 4/4
  1286 | D:3      | Reached skill level 6 in Stealth
  1338 | D:3      | Found a sacrificial altar of Ru.
  1338 | D:3      | Found a blossoming altar of Fedhas.
  1940 | D:4      | Reached XP level 5. HP: 29/39 MP: 5/5
  1973 | D:4      | Got a jewelled chain mail
  1974 | D:4      | Identified the +3 chain mail of the Farrier {*Corrode rElec Dex+7} (You found it on level 4 of the Dungeon)
  2004 | D:4      | Found Coekav's Antique Weapon Boutique.
  2269 | D:4      | Found a radiant altar of Vehumet.
  2558 | D:4      | Reached skill level 7 in Stealth
  2784 | D:4      | Found a bloodstained altar of Trog.
  2894 | D:4      | Reached XP level 6. HP: 47/47 MP: 6/6
  2966 | D:5      | Entered Level 5 of the Dungeon
  3409 | D:5      | Found Fuacheuf's Jewellery Shop.
  3504 | D:5      | Reached XP level 7. HP: 19/53 MP: 7/7
  3517 | D:5      | HP: 2/53 [ice beast (4)]
  3517 | D:5      | Slain by an ice beast

Action                   |  1- 3 |  4- 6 |  7- 9 || total
-------------------------+-------+-------+-------++-------
Melee: Dagger            |   111 |       |       ||   111
       Rapier            |     1 |   194 |     4 ||   199
 Fire: Blowgun           |     1 |    28 |     4 ||    33
  Use: Potion            |     2 |     4 |       ||     6
       Scroll            |       |     7 |       ||     7
 Stab: Sleeping          |    13 |     8 |       ||    21
  Eat: Bread ration      |     1 |     1 |       ||     2
       Pizza             |       |     1 |       ||     1
       Beef jerky        |       |     1 |       ||     1
